Unix NetHack Version 3.7.0-89 Work-in-progress - last build Nov 29 2023 03:14:05 (8663f69846b387d428bf56816b0fc57e108cd183,branch:master). Game began 2023-09-07 18:42:40, ended 2024-01-17 15:24:05. pinball, neutral male human Archeologist ######################## ###############>### ######################## ######################## ##########^######## ######################## ######################## ################### ######################## ######################## ################### ######################## #### #### #### #### #### #### #### #### #### #### ######### #### D######## ############## ############## #### ##v# ###H ######### #### ######### ############## ############## #### #### #### ######### #### ######### ############## ############## #### #### #### ######### #### ######### ############## ############## #### #### ###@ #`## #### #### #### #### ############## ######### ####################################### #### #*############ ######### ####################################### #### (############# ######### ####################################### #### ###########(## ######### ####################################### Pinball the Excavator St:18/26 Dx:14 Co:17 In:20 Wi:21 Ch:10 Neutral S:183467 Dlvl:25 $:491 HP:100(100) Pw:65(65) AC:-21 Xp:14/147457 T:23101 Burdened Blind Latest messages: You hit the stone golem! The stone golem misses! You hit the stone golem! The stone golem hits! You hit the stone golem! The stone golem hits! The stone golem misses! You hit the stone golem! The stone golem hits! The stone golem hits! You hit the stone golem! The stone golem hits! The stone golem hits! You destroy the stone golem! You fall down the stairs. What do you want to put on? [aDP or ?*] P You are now wearing a towel around your head. You can't see any more. Restoring save file... Hello pinball, the human Archeologist, welcome back to NetHack! Your movements are slowed slightly because of your load. Really save? [yn] (n) y Saving... Restoring save file... Hello pinball, the human Archeologist, welcome back to NetHack! Your movements are slowed slightly because of your load. Really save? [yn] (n) y Saving... Restoring save file... Hello pinball, the human Archeologist, welcome back to NetHack! Your movements are slowed slightly because of your load. Really quit? [yn] (n) y Do you want your possessions identified? [ynq] (y) q Inventory: Coins $ - 491 gold pieces Amulets F - an uncursed amulet of reflection (being worn) a - the blessed greased Eye of the Aethiopica Weapons t - a +1 aklys (alternate weapon; not wielded) Armor M - a blessed greased tempered +4 helm of brilliance (being worn) V - an uncursed +0 pair of leather gloves (being worn) l - a cursed +1 pair of low boots (being worn) L - a blessed +3 small shield (being worn) A - an uncursed +0 mummy wrapping u - a blessed fireproof +4 robe named fproof (being worn) f - an uncursed +1 Hawaiian shirt with a hibiscus flower motif (being worn) y - a blessed greased +0 gray dragon scale mail (being worn) Rings I - an uncursed ring of shock resistance (on right hand) R - a blessed greased ring of teleport control (on left hand) Wands X - a wand of cold (2:1) e - a wand of digging (0:6) j - a wand of lightning (0:5) m - a wand of teleportation (0:6) Tools b - a blessed greased bag of holding containing 78 items Z - an uncursed sack containing 1 item z - an uncursed tooled horn r - the Bell of Opening (0:3) D - an uncursed blindfold d - an expensive camera (0:75) T - an uncursed magic lamp named c (lit) K - a magic marker (0:36) x - a blessed rustproof +6 pick-axe named Mine (weapon in hand) k - an uncursed skeleton key s - an uncursed stethoscope P - an uncursed towel (being worn) h - a blessed +0 unicorn horn Gems/Stones w - an uncursed amethyst stone Y - an uncursed luckstone g - an uncursed touchstone Contents of the bag of holding: 2708 gold pieces an uncursed amulet of flying a +2 bullwhip an uncursed +0 pair of gauntlets of dexterity an uncursed +0 pair of high boots an uncursed +0 pair of low boots an uncursed +2 oilskin cloak 3 uncursed slime molds an uncursed cream pie 19 uncursed food rations an uncursed K-ration an uncursed lump of royal jelly an uncursed sprig of wolfsbane 2 uncursed tripe rations 2 uncursed tins of floating eye meat an uncursed tin of nurse meat an uncursed egg 9 uncursed eggs an uncursed lizard corpse 4 uncursed lizard corpses 3 blessed scrolls of blank paper 6 blessed scrolls of charging a blessed scroll of confuse monster 2 uncursed scrolls of destroy armor an uncursed scroll of earth a blessed scroll of food detection an uncursed scroll of genocide a blessed scroll of identify an uncursed scroll of identify a cursed scroll of identify a cursed scroll of light 2 blessed scrolls of remove curse an uncursed scroll of remove curse 8 cursed scrolls of teleportation a blessed spellbook of blank paper an uncursed spellbook of blank paper an uncursed spellbook of cure sickness a blessed greased spellbook of identify an uncursed spellbook of magic missile an uncursed spellbook of magic missile an uncursed spellbook of restore ability an uncursed spellbook of turn undead 4 uncursed potions of fruit juice an uncursed potion of gain ability a blessed potion of oil a blessed potion of restore ability a potion of holy water an uncursed potion of water 2 potions of unholy water an uncursed ring of hunger an uncursed +2 ring of increase accuracy an uncursed ring of levitation a cursed ring of polymorph a blessed greased ring of polymorph control an uncursed ring of polymorph control an uncursed ring of protection from shape changers an uncursed ring of stealth an uncursed ring of stealth an uncursed ring of teleport control an uncursed ring of teleportation a wand of polymorph (0:0) a wand of polymorph (0:0) a wand of striking (0:8) a wand of striking (0:5) a wand of wishing (0:3) 7 uncursed wax candles a can of grease (0:21) an expensive camera (0:93) an uncursed magic whistle an uncursed oil lamp the blessed Orb of Detection (0:5) a tinning kit (0:81) 3 uncursed amber stones an uncursed amethyst stone 4 uncursed black opals 6 uncursed fluorite stones 2 uncursed rubies an uncursed luckstone Contents of the sack: a wand of cancellation (0:4) Pinball the Archeologist's attributes: Background: You were an Excavator, a level 14 male human Archeologist. You were neutral, on a mission for Camaxtli who was opposed by Quetzalcoatl (lawful) and Huhetotl (chaotic). You were in the Dungeons of Doom, on level 25. You entered the dungeon 23101 turns ago. You had 147457 experience points, 12543 more were needed to attain level 15. Your score was 183467 before end-of-game adjustments. Basics: You had all 100 hit points. You had all 65 energy points (spell power). Your armor class was -21. Your wallet contained 491 zorkmids, and you had 2708 more stashed away in your pack. Autopickup was off. Final Characteristics: Your strength was 18/26 (limit:18/100). Your dexterity was 14 (limit:18). Your constitution was 17 (limit:18). Your intelligence was 20 (base:16, innate limit:18). Your wisdom was 21 (base:17, innate limit:18). Your charisma was 10 (limit:18). Final Status: You were deliberately blind. You weren't hungry. You were burdened; movement was slightly slowed. You were wielding a pick-axe. You had expert skill with pick-axe. Final Attributes: You were piously aligned. You were magic-protected. You were fire resistant. You were cold resistant. You were sleep resistant. You were shock resistant. Your items were protected from electric shocks. You were poison resistant. You would have seen invisible when not blind. You were telepathic. You had automatic searching. You were invisible to others. You were stealthy. You could teleport. You had teleport control. You had a small defense bonus (+3). You were guarded. You took half spell damage. You were fast. You had reflection. You were extremely lucky. You had extra luck. Bad luck did not time out for you. Good luck did not time out for you. You survived. Miscellaneous: You never encountered a bones level. Total elapsed playing time was 11 hours, 10 minutes and 7 seconds. Major events: Turn 1: pinball the neutral male human Archeologist entered the dungeon 942: attained the rank of Field Worker (level 3) 1080: made his first wish - "2 blessed greased fixed scrolls of charging", got "a greased scroll labeled VERR YED HORRE" 1091: wished for "blessed greased +2 gray dragon scale mail", got "a greased gray dragon scale mail" 1535: entered the Gnomish Mines 2623: reached Mine Town 4364: attained the rank of Investigator (level 6) 7444: the Oracle has been killed 7874: entered Sokoban 10572: attained the rank of Exhumer (level 10) 16715: wished for "blessed greased fixed ring of polymorph control", got "a greased steel ring" 16895: entered Gehennom 16978: wished for "blessed greased fixed ring of teleport control", got "a greased clay ring" 18547: attained the rank of Excavator (level 14) 20101: wished for "blessed greased fixed spellbook of identify", got "a greased plaid spellbook" 21131: wished for "blessed greased fixed +2 helm of brilliance", got "a greased crystal helmet" 22481: killed the Minion of Huhetotl 22481: found the Orb of Detection carried by a monster 22491: acquired the Bell of Opening 22722: made his first artifact wish - "the blessed greased fixed eye of the aethiopica", got "a greased hexagonal amulet named the Eye of the Aethiopica" 23046: killed Medusa 23101: quit Vanquished creatures: Medusa 2 iron golems a titan the Minion of Huhetotl a purple worm a minotaur a demilich a stone golem a titanothere a baby green dragon the Oracle 3 liches a nurse 17 black puddings 4 ghosts 2 queen bees a giant mimic a long worm a fire giant 2 ice trolls a rock troll 2 elven monarchs a doppelganger 2 large mimics 5 hill giants a giant mummy a black naga 3 xorns 4 giant zombies an elf-noble a sergeant a barbed devil 4 wargs 5 small mimics 2 xans an ogre leader 2 quantum mechanics a troll a shark 3 gelatinous cubes 2 freezing spheres 2 flaming spheres a tiger 2 gargoyles a tengu 2 ochre jellies 2 leocrottas an elf mummy 20 human mummies 13 pythons 10 pit vipers 9 cobras 4 wraiths a leather golem 18 soldiers 4 watchmen 6 amorous demons a chameleon 5 giant beetles 3 quivering blobs 3 cockatrices 3 wolves 4 winter wolf cubs a lynx a panther 2 gremlins a leprechaun 3 orc-captains an iron piercer 3 scorpions an ice vortex a black light 6 orc mummies 2 dwarf mummies 2 brown puddings a rust monster 2 owlbears a yeti a gold golem 3 Green-elves 5 giant eels 7 lizards 2 dogs 3 jaguars 3 dwarf leaders a blue jelly 2 white unicorns 4 black unicorns 2 dust vortices a raven 4 gnome mummies 24 snakes 5 apes 8 human zombies 3 Woodland-elves 2 bugbears 2 imps 2 quasits 2 wood nymphs 2 water nymphs 4 mountain nymphs 14 Mordor orcs 20 Uruk-hai a rock piercer a pony a fog cloud 8 yellow lights a shrieker 3 violet fungi 6 gnome leaders 5 gnomish wizards a kobold mummy 2 gray oozes a barrow wight 8 elf zombies 5 ghouls a straw golem a paper golem 7 giant ants 4 floating eyes 7 dwarves 6 homunculi a kobold leader a kobold shaman 17 hill orcs 8 rothes 2 rabid rats 3 giant bats 4 monkeys 4 orc zombies 8 dwarf zombies a wererat 5 iguanas 69 killer bees 2 acid blobs 4 coyotes 3 hobbits 11 manes 2 large kobolds 2 hobgoblins 8 cave spiders 2 brown molds a yellow mold 2 green molds 17 gnomes 31 garter snakes 7 gnome zombies 15 geckos 5 jackals 2 foxes 3 kobolds 5 goblins 5 sewer rats 5 grid bugs a bat 10 kobold zombies 6 newts 698 creatures vanquished. No species were genocided or became extinct. Voluntary challenges: You read items or engraved 53 times. You never engraved Elbereth. You never genocided any monsters. You used 7 wishes (1 for an artifact). You did not violate any of the special Sokoban rules. Achievements: You attained the rank of Field Worker. You entered a shop. You entered the Gnomish Mines. You entered Minetown. You entered a temple. You attained the rank of Investigator. You entered Sokoban. You attained the rank of Exhumer. You entered Gehennom. You attained the rank of Excavator. You had the Bell of Opening. You defeated Medusa. The Dungeons of Doom: levels 1 to 28 Level 1: Level 2: A fountain, a grave. Level 3: "?oGeno in ice box, sinks done" A delicatessen, an altar to Camaxtli, a fountain, some sinks. Stairs down to The Gnomish Mines. Level 4: A grave. Level 5: A fountain. Level 6: A general store, a fountain, a grave. Level 7: "$" A fountain. Level 8: An altar to Camaxtli, a fountain. Level 9: Many fountains. Oracle of Delphi. Level 10: A shop. Stairs up to Sokoban, level 9. Level 11: Level 12: Many fountains. Level 13: An altar to Camaxtli. Level 14: Level 15: A scroll shop. Level 16: "$" A grave. Summoned by Lord Carnarvon. Portal to The Quest. Level 17: A primitive area. Level 18: A fountain. Level 19: A fountain, a sink. Level 20: "$" Level 21: Level 22: Some fountains, a sink, some graves. Level 23: Level 24: Level 25: <- You were here. Level 26: A tree. Level 27: Level 28: A throne, a fountain. The castle. Connection to Gehennom. Gehennom: Level 29: The Gnomish Mines: levels 4 to 6 Level 4: Level 5: Level 6: Many shops, a temple and an altar, some fountains, a sink. The Quest: levels 1 to 5 Level 1: A throne. Completed quest for Lord Carnarvon. Level 2: Level 3: Many temples and many altars. Level 4: Level 5: A temple. Sokoban: Level 9: Unsolved. Goodbye pinball the Archeologist... You quit in The Dungeons of Doom on dungeon level 25 with 183467 points, and 3199 pieces of gold, after 23101 moves. You were level 14 with a maximum of 100 hit points when you quit.